 Dungeon Crawl Stone Soup version 0.27-a0-1188-g73eefd5def (webtiles) character file.

Game seed: 11367472667730808238

424 Delamore the Cudgeller (level 6, -2/40 HPs)
             Began as a Gargoyle Fighter on May 22, 2021.
             Killed by divine providence
             ... invoked by an orc priest
              (13 damage)
             ... on level 5 of the Dungeon.
             The game lasted 00:03:17 (5809 turns).

Delamore the Cudgeller (Gargoyle Fighter)           Turns: 5809, Time: 00:03:18

Health: -2/40      AC: 13    Str: 21    XL:     6   Next: 96%
Magic:  6/6        EV:  7    Int:  9    God:
Gold:   138        SH:  9    Dex:  9    Spells: 5/5 levels left

rFire    . . .     SeeInvis .   a - +1 flail
rCold    . . .     Faith    .   c - +0 kite shield
rNeg     + . .     Spirit   .   b - +0 scale mail
rPois    ∞         Reflect  .   m - +0 helmet
rElec    +         Harm     .   (no cloak)
rCorr    .         Rampage  .   (no gloves)
Will     .....                  q - +0 pair of boots
Stlth    ..........             (no amulet)
HPRegen  0.13/turn              (no ring)
MPRegen  0.10/turn              (no ring)

@: no status effects
A: sickness immunity, AC +4, negative energy resistance 1, electricity
resistance, torment resistance 1, petrification resistance
a: no special abilities


You were on level 5 of the Dungeon.
You visited 1 branch of the dungeon, and saw 5 of its levels.

You collected 138 gold pieces.

Inventory:

Hand Weapons
 a - a +1 flail (weapon)
Missiles
 h - 2 throwing nets (quivered)
 i - 3 poisoned darts
Armour
 b - a +0 scale mail (worn)
 c - a +0 kite shield (worn)
 m - a +0 helmet (worn)
 q - a +0 pair of boots (worn)
Jewellery
 k - a ring of protection from fire
Scrolls
 e - 2 scrolls of enchant weapon
 g - a scroll of noise {unknown}
 o - a scroll of teleportation {unknown}
 r - a scroll of fear
Potions
 d - 2 potions of might
 f - a potion of brilliance
 l - 3 potions of curing {unknown}
 n - 2 potions of ambrosia
 p - a potion of flight {unknown}


   Skills:
 - Level 5.0 Fighting
 + Level 5.3 Maces & Flails
 - Level 3.2 Armour
 - Level 5.0 Shields


You had 5 spell levels left.
You didn't know any spells.
Your spell library contained the following spells:

 Spells                   Type           Power      Damage    Failure   Level
 Corona                   Hex            0%         N/A       99%         1
 Ensorcelled Hibernation  Hex/Ice        0%         N/A       99%         2
 Confusing Touch          Hex            0%         N/A       100%        3
 Dazzling Flash           Conj/Hex       0%         N/A       100%        3
 Tukima's Dance           Hex            0%         N/A       100%        3


Dungeon Overview and Level Annotations

Branches:
Dungeon (5/15)
 Temple: D:4-7

Altars:
Trog


Innate Abilities, Weirdness & Mutations

You are immune to sickness and miasma.
Your stone body is resilient. (AC +4)
You are immune to poison.
You resist negative energy. (rN+)
You are resistant to electric shocks. (rElec)
You are resistant to unholy torment.
You are immune to petrification.


Message History

The wyvern skeleton closely misses you.
You barely miss the wyvern skeleton. You block the wyvern skeleton's attack.
The wyvern skeleton bites you.
You hit the wyvern skeleton.
The wyvern skeleton is lightly damaged.
The wyvern skeleton bites you but does no damage.
The wyvern skeleton closely misses you.
You hit the wyvern skeleton.
The wyvern skeleton is moderately damaged.
You block the wyvern skeleton's attack.
You hit the wyvern skeleton.
The wyvern skeleton is moderately damaged.
The wyvern skeleton barely misses you.
You hit the orc priest.
The orc priest is moderately wounded.
The orc priest closely misses you. You block the orc's attack.
The wyvern skeleton bites you.
You barely miss the orc priest.
The orc priest is moderately wounded.
The wyvern skeleton bites you. The orc priest barely misses you.
The orc hits you with a +0 short sword.
The orc priest splashes around in the water.
The orc hits you with a +0 short sword.
You are too injured to fight recklessly!
You are too injured to fight recklessly!
You are too injured to fight recklessly!
You are too injured to fight recklessly!
You are too injured to fight recklessly!
You closely miss the orc priest.
The orc priest is lightly wounded.
The orc priest hits you with a +0 dagger.
The orc hits you but does no damage. The orc hits you with a +0 whip.
* * * LOW HITPOINT WARNING * * *
You hit the orc priest.
The orc priest is moderately wounded.
The orc priest barely misses you. The orc hits you but does no damage.
You block the orc's attack.
The orc priest invokes the aid of Beogh against you.
Beogh smites you!
You die...

...............
...............
...............
..............#
..............#
♣≈P≈........#
..♣≈P≈o.......#
...≈≈Zo@......##
......o........##
................##
.......[.........#
...(...........##
###............##
....######..[.#
.#..# ###..# ##.##
#..#


You could see an orc priest, 2 orcs and a wyvern skeleton.

Vanquished Creatures
  A phantom (D:4)
  A scorpion (D:5)
  A jelly (D:4)
  An orc priest (D:5)
  2 orc wizards (D:4)
  10 adders
  An ufetubus (D:5)
  A worm (D:4)
  2 dart slugs
  6 orcs
  3 bats (D:2)
  6 endoplasms
  3 giant cockroaches (D:1)
  7 goblins
  8 hobgoblins
  6 jackals
  A quokka (D:1)
  3 ball pythons
  A frilled lizard (D:1)
  4 kobolds
  4 rats
72 creatures vanquished.

Vanquished Creatures (others)
  A plant (D:5)
1 creature vanquished.

Grand Total: 73 creatures vanquished

Notes
Turn   | Place    | Note
-------+----------+-------------------------------------------
     0 | D:1      | Delamore the Gargoyle Fighter began the quest for the Orb.
     0 | D:1      | Reached XP level 1. HP: 14/14 MP: 1/1
   214 | D:1      | Reached XP level 2. HP: 13/19 MP: 2/2
  1123 | D:1      | Reached XP level 3. HP: 20/24 MP: 3/3
  2093 | D:2      | Found a faded altar of an unknown god.
  2144 | D:2      | Reached XP level 4. HP: 27/29 MP: 4/4
  3804 | D:4      | Reached XP level 5. HP: 34/34 MP: 5/5
  4251 | D:4      | Found a bloodstained altar of Trog.
  4252 | D:4      | Noticed a phantom
  4266 | D:4      | Killed a phantom
  4355 | D:4      | Reached XP level 6. HP: 40/40 MP: 6/6
  4471 | D:4      | Reached skill level 5 in Fighting
  4508 | D:4      | Reached skill level 5 in Shields
  5049 | D:5      | Entered Level 5 of the Dungeon
  5240 | D:5      | Reached skill level 5 in Maces & Flails
  5809 | D:5      | Killed from afar by an orc priest

Illustrated notes

Levels and vault maps discovered:
D:1:      ncdulo_smallfort, layout_basic, minmay_misc_feat_nine_boxes,
          corexii_leaking_fountain, minmay_misc_feat_diagonals
D:2:      layout_basic, hellmonk_ecumenical_altar_pennies_from_heaven,
          minivault_24, minivault_26
D:3:      layout_basic
D:4:      layout_gridville, trog_three_pillars_becter
D:5:      minmay_evil_eye, layout_layer_cave, serial_bayou_pond_e,
          skrybe_limestone_x, minmay_small_thing, uniq_ijyb

Skill      XL: |  1  2  3  4  5  6 |
---------------+-------------------+-----
Fighting       | 4 5 |  5.0
Shields        | 4 5 |  5.0
Maces & Flails | 3 5 |  5.3
Armour         | |  3.2

Action                   |  1- 3 |  4- 6 || total
-------------------------+-------+-------++-------
Melee: Flail             |   150 |   266 ||   416
  Use: Scroll            |       |     4 ||     4
Armor: Scale mail        |   105 |   178 ||   283
Dodge: Dodged            |    46 |    85 ||   131
Block: Kite shield       |    86 |   116 ||   202

Table legend: (Time is in decaauts)
 A = Elapsed time spent in this place.
 B = Non-inter-level travel time spent in this place.
 C = Inter-level travel time spent in this place.
 D = Time resting spent in this place.
 E = Time spent auto-exploring this place.
 F = Levels seen in this place.
 G = Mean time per level.
                   A        B        C        D        E       F      G
               +--------+--------+--------+--------+--------+-----+--------+
         Total |   6003 |   5835 |    168 |   1193 |   3766 |   5 | 1200.6 |
       Dungeon |   6003 |   5835 |    168 |   1193 |   3766 |   5 | 1200.6 |
               +--------+--------+--------+--------+--------+-----+--------+

Top non-repeatable levels by time:
     D:1: 1511 daAuts
     D:2: 1328 daAuts
     D:3: 1307 daAuts
     D:4: 1086 daAuts
     D:5: 769 daAuts
